 Dungeon Crawl Stone Soup version 0.24.0-37-gcf1ca852f1 (webtiles) character file.

Game seed: 16719916975159306496, levelgen mode: deterministic

94970 Goreval the Sharpshooter (level 16, 0/133 HPs)
             Began as a Barachi Hunter on Dec 7, 2019.
             Was the Champion of Cheibriados.
             Shot with an arrow by a deep elf archer (8 damage)
             ... on level 14 of the Dungeon.
             The game lasted 01:36:04 (25877 turns).

Goreval the Sharpshooter (Barachi Hunter)          Turns: 25877, Time: 01:36:05

Health: 0/133      AC: 31    Str: 37    XL:     16   Next: 12%
Magic:  18/22      EV: 19    Int: 34    God:    Cheibriados [******]
Gold:   1012       SH: 21    Dex: 33    Spells: 16/22 levels left

rFire    . . .     SeeInvis +   a - +1 falchion (slice)
rCold    + + +     Gourm    .   Z - +1 large shield {AC+3}
rNeg     . . .     Faith    .   O - +0 ice dragon scales
rPois    +         Spirit   .   n - +2 hat {SInv}
rElec    .         Reflect  .   m - +1 cloak
rCorr    .         Harm     .   e - +0 pair of gloves
MR       +....                  F - +0 pair of boots
Stlth    +.........             y - amulet of regeneration
HPRegen  0.72/turn              Y - ring of protection from cold
MPRegen  0.18/turn              H - ring of Harmony {rPois rF+ AC+6 Int+4 Dex+3}

@: mighty, slowed, very slow
A: +LOS, swims, molten scales 1, blurry vision 1, slowness 1, strong 1, strong
legs 2
a: Hop, Bend Time, Temporal Distortion, Slouch, Step From Time, Renounce
Religion


You were on level 14 of the Dungeon.
You worshipped Cheibriados.
Cheibriados was exalted by your worship.
You were very hungry.

You visited 5 branches of the dungeon, and saw 23 of its levels.
You also visited: Sewer and Ice Cave.

You collected 1560 gold pieces.
You spent 548 gold pieces at shops.

Inventory:

Hand Weapons
 a - a +1 falchion of slicing (weapon)
 b - a +2 hand crossbow of freezing
 U - a +2 arbalest of freezing
Missiles
 C - 3 throwing nets (quivered)
Armour
 e - a +0 pair of gloves (worn)
 m - a +1 cloak (worn)
 n - a +2 hat of see invisible (worn)
 t - a +0 troll leather armour {Purgy}
 v - a +2 buckler
 F - a +0 pair of boots (worn)
 O - +0 ice dragon scales (worn)
 Z - a +1 large shield of protection (worn)
Jewellery
 r - an uncursed ring of fire
 y - an amulet of regeneration (around neck)
 H - the ring of Harmony (right hand) {rPois rF+ AC+6 Int+4 Dex+3}
   (You found it on level 9 of the Dungeon)

   [ring of protection]

   It affects your AC (+6).
   It affects your intelligence (+4).
   It affects your dexterity (+3).
   It protects you from fire.
   It protects you from poison.
 Q - an uncursed ring of positive energy
 S - the amulet "Ytuvud" {RegenMP rElec MP+9}
   (You found it on level 3 of the Lair of Beasts)

   [amulet of magic regeneration]

   It increases your magic regeneration.
   It insulates you from electricity.
   It affects your magic capacity (+9).
 Y - a ring of protection from cold (left hand)
Wands
 g - a wand of iceblast (11)
 B - a wand of paralysis (44)
 L - a wand of digging (10)
 R - a wand of disintegration (31)
 W - a wand of acid (6)
 X - a wand of polymorph (11)
Scrolls
 c - 3 scrolls of amnesia
 d - a scroll of enchant weapon
 h - 4 scrolls of immolation
 i - 4 scrolls of identify
 j - 9 scrolls of remove curse
 p - 3 scrolls of enchant armour
 q - 2 scrolls of brand weapon
 u - 6 scrolls of teleportation
 z - a scroll of summoning
 D - a scroll of blinking
 J - a scroll of fog
 P - a scroll of magic mapping
 V - a scroll of vulnerability
Potions
 k - 6 potions of invisibility
 l - 9 potions of curing
 o - 2 potions of mutation
 w - 4 potions of cancellation
 x - 2 potions of brilliance
 A - 3 potions of agility
 E - 3 potions of might
 G - 4 potions of flight
 I - a potion of ambrosia
 M - 4 potions of lignification
 T - a potion of magic
Miscellaneous
 s - a sack of spiders
 K - 2 boxes of beasts
Comestibles
 f - 51 rations


   Skills:
 * Level 14.1 Fighting
   Level 2.0(4.9) Short Blades
 - Level 7.8(8.0) Long Blades
 * Level 15.2 Crossbows
 + Level 10.8 Armour
 + Level 10.8 Dodging
 - Level 0.8 Stealth
 * Level 6.3 Shields
 - Level 3.9 Spellcasting
 - Level 5.0 Hexes
 - Level 6.0 Translocations
 + Level 9.1 Invocations
 + Level 5.0 Evocations


You had 16 spell levels left.
You knew the following spells:

 Your Spells              Type           Power        Failure   Level  Hunger
a - Confuse               Hex            #####...     36%         3    #......
b - Apportation           Tloc           #####.       9%          1    None
n - Blink                 Tloc           N/A          13%         2    None

Your spell library contained the following spells:

 Spells                   Type           Power        Failure   Level  Hunger
 Confusing Touch          Hex            #####.       13%         1    None
 Slow                     Hex            #####...     19%         2    None
 Gell's Gravitas          Tloc           #####.....   26%         3    #......
 Recall                   Summ/Tloc      N/A          65%         3    #......
 Animate Skeleton         Necr           N/A          71%         1    None
 Beastly Appendage        Tmut           #.....       71%         1    None
 Magic Dart               Conj           #...         71%         1    None
 Summon Small Mammal      Summ           #...         71%         1    None
 Dazzling Spray           Conj/Hex       ###...       71%         3    #......
 Call Imp                 Summ           #.......     83%         2    None
 Searing Ray              Conj           #.....       83%         2    None
 Sticks to Snakes         Tmut           #.......     83%         2    None
 Force Lance              Conj/Tloc      ####....     96%         4    ###....
 Conjure Flame            Conj/Fire      #.......     97%         3    #......
 Mephitic Cloud           Conj/Pois/Air  #.......     97%         3    #......
 Spider Form              Tmut/Pois      #.........   97%         3    #......
 Fulminant Prism          Conj/Hex       ###.......   98%         4    ###....
 Animate Dead             Necr           N/A          100%        4    ###....
 Ice Form                 Ice/Tmut       #.......     100%        4    ###....
 Iskenderun's Mystic Bla  Conj           #.......     100%        4    ###....
 Petrify                  Tmut/Erth      #.......     100%        4    ###....
 Blade Hands              Tmut           #.........   100%        5    #####..
 Borgnjor's Vile Clutch   Necr/Erth      #.........   100%        5    #####..
 Metabolic Englaciation   Hex/Ice        ###.......   100%        5    #####..
 Yara's Violent Unravell  Hex/Tmut       ###.......   100%        5    #####..
 Death Channel            Necr           #.........   100%        6    ######.
 Simulacrum               Ice/Necr       #.........   100%        6    ######.


Dungeon Overview and Level Annotations

Branches:
Dungeon (14/15)            Temple (1/1) D:5            Lair (6/6) D:8
 Shoals (0/4) Lair:3       Spider (1/4) Lair:3        Slime (0/5) Lair:5
    Orc (1/2) D:11          Sewer (visited)           IceCv (visited)
 Vaults: D:13-14

Altars:
Ashenzari
Cheibriados
Dithmenos
Elyvilon
Fedhas
Gozag
Kikubaaqudgha
Makhleb
Nemelex Xobeh
Okawaru
Ru
Sif Muna
Uskayaw
Vehumet
Yredelemnul
Zin

Shops:
D:8 (   D:11 [(   D:14 (

Portals:
Trove: D:13 (give 19 potions of curing)

Annotations:
Lair:1 Prince Ribbit
Lair:3 exclusion: 2 oklob plants
Spider:1 Kirke


Innate Abilities, Weirdness & Mutations

Shadows flee at your approach. (+LOS)
You can swim through water.
You cover ground slowly.
You can hop long distances.
You are partially covered in molten scales. (AC +2)
Scrolls take you a little longer to read.
Your muscles are strong. (Str +2)


Message History

Cheibriados thoroughly appreciates the change of pace.
The centaur warrior skeleton misses you.
You riposte.
You slash the centaur warrior skeleton!
The deep elf archer shoots an arrow.
You block the arrow.
You block the skeletal warrior's attack.
You block the centaur warrior skeleton's attack.
You slash the skeletal warrior!
You destroy the skeletal warrior!
Cheibriados thoroughly appreciates the change of pace.
You block the centaur warrior skeleton's attack.
The deep elf archer gestures at you while chanting.
You resist with some effort. You block the ogre's attack.
You slash the ogre!
The centaur warrior skeleton closely misses you.
The deep elf archer shoots an arrow.
You block the arrow.
You block the centaur warrior skeleton's attack.
The ogre hits you with a +0 giant spiked club!
* * * LOW HITPOINT WARNING * * *
The deep elf archer shoots an arrow.
The arrow hits you!
You die...

......# . #. .
#.....# .##..##.
..###.# #.#..#.# .
.##.#..#.##.
..........
#####.#..#.#######.
........e.........
........)).....#
###.#ยงยง#@###
#...(.)O)Z.#
#..##.#((#.##..#
#.#..#.# .#
.##.(##. # ... . ..
#..# . #..
..#######(.# # ..#
#.......)(.# ##..#
#......)(## #..#


You could see a deep elf archer, an ogre and a centaur warrior skeleton.

Vanquished Creatures
  Gastronok (Lair:1)
  A frost giant (IceCv)
  The ghost of Maekhu the Bludgeoner, a journeyman TrHu of the Shining One (Lair:4)
  An ettin (Orc:1)
  Josephine (Lair:4)
  An ogre mage (D:14)
  An ice dragon (Lair:4)
  Harold (D:7)
  8 hydras
  5 two-headed ogres
  3 centaur warriors
  2 death yaks (IceCv)
  Sonja (Lair:3)
  A skeletal warrior (D:14)
  An unseen horror (D:13)
  Pikel (D:5)
  6 deep elf magi
  4 oklob plants
  An orc sorcerer (Orc:1)
  6 ugly things (D:13)
  2 wolf spiders (Lair:3)
  2 cyclopes
  2 manticores (D:13)
  A merfolk siren (Lair:3)
  5 elephants (Lair:5)
  A torpor snail (Lair:6)
  22 spiny frogs
  2 guardian serpents (D:9)
  A black mamba (Lair:4)
  2 gargoyles
  2 kobold demonologists
  9 rime drakes
  7 komodo dragons
  3 tengu conjurers (D:14)
  A demonic crawler (Lair:3)
  A jumping spider (Lair:3)
  2 merfolk
  5 trolls
  A queen bee (Lair:5)
  6 meliai
  4 tyrant leeches (Lair:6)
  3 hornets
  38 blink frogs
  6 slime creatures
  10 polar bears (IceCv)
  3 dream sheep (Lair:6)
  12 hippogriffs
  6 wraiths
  6 wyverns
  A vampire (D:12)
  A hog (Lair:3)
  A fire elemental (Lair:6)
  63 yaks
  2 hungry ghosts
  6 basilisks
  Eustachio (D:5)
  6 vampire mosquitoes (Lair:6)
  3 wargs (Orc:1)
  10 water moccasins
  Duvessa (D:5)
  13 porcupines
  Purgy (Sewer)
  14 orc warriors
  4 ice beasts
  An eye of draining (D:9)
  A hornet zombie (D:8)
  2 black bears
  2 phantoms
  A slave (D:5)
  9 ogres
  3 sky beasts
  16 centaurs
  24 wolves
  16 crocodiles
  3 big kobolds
  30 bullfrogs
  A wyvern zombie (D:13)
  A spiny frog simulacrum (Lair:4)
  2 gnoll sergeants
  A wyvern skeleton (D:13)
  3 scorpions
  Dowan (D:5)
  An elephant simulacrum (Lair:4)
  A dream sheep simulacrum (Lair:4)
  35 killer bees
  7 wights
  A howler monkey (D:7)
  3 electric eels
  4 crimson imps
  2 quasits (D:11)
  A wyvern simulacrum (Lair:4)
  A bullfrog zombie (D:12)
  3 bullfrog skeletons
  2 hounds
  3 jellies
  2 komodo dragon simulacra (Lair:4)
  Crazy Yiuf (D:7)
  6 orc priests
  9 orc wizards
  7 centaur skeletons
  An iguana (D:13)
  12 worker ants
  A polar bear simulacrum (Lair:4)
  3 hound skeletons
  A worker ant zombie (D:10)
  A howler monkey zombie (D:10)
  13 gnolls
  8 adders
  A howler monkey skeleton (D:4)
  4 shadow imps
  3 oozes
  An adder zombie (D:7)
  An adder skeleton (D:4)
  2 worms
  3 dart slugs (D:1)
  4 leopard geckos
  59 orcs
  13 bats
  4 giant cockroaches
  4 goblins
  5 hobgoblins
  9 jackals
  34 kobolds
  4 quokkas
  A frilled lizard (D:5)
  A leopard gecko skeleton (D:4)
  A quokka skeleton (D:4)
  13 rats
  2 fungi (Lair:4)
  4 plants
758 creatures vanquished.

Vanquished Creatures (others)
  A swamp drake (D:8)
  2 wolves (IceCv)
  A centaur (D:14)
  26 fungi
  49 plants
79 creatures vanquished.

Grand Total: 837 creatures vanquished

Notes
Turn   | Place    | Note
-------+----------+-------------------------------------------
     0 | D:1      | Goreval the Barachi Hunter began the quest for the Orb.
     0 | D:1      | Reached XP level 1. HP: 17/17 MP: 1/1
   254 | D:1      | Reached skill level 1 in Short Blades
   272 | D:1      | Reached XP level 2. HP: 20/23 MP: 2/2
   527 | D:1      | Reached XP level 3. HP: 24/29 MP: 3/3
  1435 | D:2      | Reached XP level 4. HP: 33/35 MP: 4/4
  2074 | D:3      | Found a glowing drain.
  2134 | Sewer    | Entered a sewer
  2145 | Sewer    | Reached XP level 5. HP: 42/42 MP: 5/5
  2204 | Sewer    | Noticed Purgy
  2222 | Sewer    | Killed Purgy
  2222 | Sewer    | Reached skill level 5 in Crossbows
  2626 | D:3      | Found a sacrificial altar of Ru.
  2670 | D:3      | Reached XP level 6. HP: 48/49 MP: 6/6
  2855 | D:3      | Found a glowing silver altar of Zin.
  3038 | D:4      | Gained mutation: You are partially covered in molten
                  | scales. (AC +2) [potion of mutation]
  3038 | D:4      | Gained mutation: Your muscles are strong. (Str +2) [potion
                  | of mutation]
  3064 | D:5      | Entered Level 5 of the Dungeon
  3064 | D:5      | Found a staircase to the Ecumenical Temple.
  3267 | D:5      | Noticed an ice beast
  3278 | D:5      | Killed an ice beast
  3278 | D:5      | Reached skill level 1 in Shields
  3711 | D:4      | Reached skill level 5 in Fighting
  3716 | D:4      | Reached XP level 7. HP: 38/56 MP: 7/7
  4247 | D:5      | Found a shattered altar of Ashenzari.
  4262 | D:5      | Noticed Pikel
  4294 | D:5      | Killed Pikel
  4294 | D:5      | Reached skill level 6 in Crossbows
  4294 | D:5      | Reached skill level 5 in Dodging
  4294 | D:5      | Reached XP level 8. HP: 52/64 MP: 8/8
  4415 | D:5      | Noticed Eustachio
  4433 | D:5      | Killed Eustachio
  4766 | D:6      | Reached skill level 1 in Long Blades
  4791 | D:6      | Found an ancient bone altar of Kikubaaqudgha.
  5019 | D:6      | Noticed Duvessa
  5021 | D:6      | Noticed Dowan
  5053 | Temple   | Entered the Ecumenical Temple
  5145 | Temple   | Became a worshipper of Cheibriados the Contemplative
  5197 | D:5      | Killed Dowan
  5210 | D:5      | Killed Duvessa
  5424 | D:5      | Reached XP level 9. HP: 58/72 MP: 9/9
  5888 | D:6      | Reached skill level 7 in Crossbows
  5890 | D:6      | Reached skill level 1 in Armour
  6191 | D:6      | Found a blossoming altar of Fedhas.
  6328 | D:7      | Reached * piety under Cheibriados
  6432 | D:7      | Found an iron altar of Okawaru.
  6547 | D:7      | Noticed Harold
  6563 | D:7      | Killed Harold
  6563 | D:7      | Reached skill level 1 in Invocations
  6575 | D:7      | Reached skill level 5 in Long Blades
  6575 | D:7      | Reached skill level 8 in Crossbows
  6667 | D:7      | Learned a level 3 spell: Confuse
  6693 | D:7      | Reached XP level 10. HP: 66/80 MP: 11/11
  6816 | D:7      | Found a runed translucent door.
  6817 | D:7      | Noticed Crazy Yiuf
  6960 | D:7      | Reached skill level 1 in Hexes
  7124 | D:7      | Killed Crazy Yiuf
  7197 | D:8      | Reached skill level 1 in Spellcasting
  7312 | D:8      | Reached ** piety under Cheibriados
  7421 | D:9      | Noticed a guardian serpent
  7491 | D:8      | Found Angas's Antique Weapon Boutique.
  8010 | D:8      | Found a staircase to the Lair.
  8031 | D:8      | Reached skill level 9 in Crossbows
  8303 | D:9      | Killed a guardian serpent
  8328 | D:9      | Reached skill level 1 in Evocations
  8339 | D:9      | Reached *** piety under Cheibriados
  8914 | D:8      | Reached XP level 11. HP: 60/89 MP: 15/15
  9030 | D:9      | Found a hide-covered altar of Uskayaw.
  9376 | D:9      | Noticed a two-headed ogre
  9398 | D:9      | Killed a two-headed ogre
  9488 | D:9      | Got a fine steel ring
  9514 | D:9      | Found a radiant altar of Vehumet.
  9514 | D:9      | Noticed a deep elf mage
  9517 | D:9      | Noticed a deep elf mage
  9525 | D:9      | Killed a deep elf mage
  9525 | D:9      | Reached skill level 10 in Crossbows
  9532 | D:9      | Killed a deep elf mage
  9756 | D:9      | Reached **** piety under Cheibriados
  9804 | D:9      | Found a basalt altar of Yredelemnul.
  9869 | D:9      | Found a burning altar of Makhleb.
 10017 | D:10     | Entered Level 10 of the Dungeon
 10503 | D:8      | Bought a runed hand crossbow for 162 gold pieces
 10503 | D:8      | Bought a glowing great sword for 237 gold pieces
 10604 | D:10     | Found a large runed translucent door.
 10604 | D:10     | Found a large runed translucent door.
 10604 | D:10     | Noticed a cyclops
 10604 | D:10     | Noticed a centaur warrior
 10675 | D:10     | Reached ***** piety under Cheibriados
 10800 | D:10     | Killed a centaur warrior
 10800 | D:10     | Reached skill level 5 in Hexes
 10902 | D:10     | Killed a cyclops
 10989 | D:10     | Reached skill level 10 in Fighting
 11322 | D:10     | Noticed a fire dragon
 11374 | D:11     | Got a shimmering whip
 11408 | D:11     | Found Buvoel's Armour Shoppe.
 11415 | D:11     | Found a staircase to the Orcish Mines.
 11455 | D:11     | Reached skill level 5 in Invocations
 11477 | D:11     | Found Duiqung's Weapon Shoppe.
 11490 | D:11     | Bought a +1 helmet for 149 gold pieces
 11507 | D:11     | Reached skill level 11 in Crossbows
 11507 | D:11     | Reached XP level 12. HP: 87/97 MP: 17/17
 11605 | Orc:1    | Entered Level 1 of the Orcish Mines
 11699 | D:11     | Noticed a two-headed ogre
 11704 | D:11     | Killed a two-headed ogre
 12117 | D:11     | Reached skill level 5 in Armour
 12474 | Lair:1   | Entered Level 1 of the Lair of Beasts
 12549 | Lair:1   | Reached ****** piety under Cheibriados
 12818 | Lair:1   | Identified the ring of Harmony {rPois rF+ AC+6 Int+4 Dex+3}
                  | (You found it on level 9 of the Dungeon)
 13060 | Lair:1   | Noticed an eight-headed hydra
 13070 | Lair:1   | Killed an eight-headed hydra
 13286 | Lair:1   | Noticed Gastronok
 13296 | Lair:1   | Killed Gastronok
 13296 | Lair:1   | Reached skill level 12 in Crossbows
 13638 | Lair:1   | Noticed a seven-headed hydra
 13644 | Lair:1   | Killed a seven-headed hydra
 13644 | Lair:1   | Gained mutation: You can hop long distances. [Barachi
                  | growth]
 13644 | Lair:1   | Reached XP level 13. HP: 106/106 MP: 18/18
 14323 | Lair:2   | Noticed Prince Ribbit
 15311 | Lair:2   | Learned a level 2 spell: Blink
 15431 | Lair:3   | Reached skill level 1 in Translocations
 15577 | Lair:3   | Found a hole to the Spider Nest.
 15577 | Lair:3   | You fall into a shaft and drop 2 floors!
 16047 | Lair:4   | Noticed an ice dragon
 16055 | Lair:4   | Reached skill level 13 in Crossbows
 16058 | Lair:4   | Found a runed translucent gate.
 16058 | Lair:4   | Found a runed translucent gate.
 16079 | Lair:4   | Found a runed translucent gate.
 16118 | Lair:4   | Killed an ice dragon
 16121 | Lair:4   | Noticed Maekhu's ghost (journeyman TrHu)
 16288 | Lair:4   | Killed Maekhu's ghost
 16371 | Lair:4   | Learned a level 1 spell: Apportation
 16435 | Lair:3   | Noticed Sonja
 16471 | Lair:3   | Killed Sonja
 16594 | Spider:1 | Entered Level 1 of the Spider Nest
 16599 | Spider:1 | Noticed Kirke
 16757 | Lair:3   | Reached XP level 14. HP: 112/115 MP: 19/19
 17270 | Lair:3   | Got a steaming bronze amulet
 17274 | Lair:3   | Identified the amulet "Ytuvud" {RegenMP rElec MP+9} (You
                  | found it on level 3 of the Lair of Beasts)
 17733 | Lair:3   | Found a staircase to the Shoals.
 17881 | Lair:4   | Reached skill level 5 in Translocations
 18262 | Lair:4   | Noticed Josephine
 18296 | Lair:4   | Killed Josephine
 18837 | Lair:5   | Found a staircase to the Slime Pits.
 19669 | Lair:6   | Entered Level 6 of the Lair of Beasts
 20152 | Lair:6   | Reached skill level 14 in Crossbows
 20541 | Lair:6   | Got a slimy war axe
 20637 | Lair:6   | Reached XP level 15. HP: 105/122 MP: 21/21
 20652 | Lair:6   | Reached skill level 10 in Dodging
 21643 | D:12     | Reached skill level 5 in Shields
 21800 | D:12     | Found a shadowy altar of Dithmenos.
 21820 | D:12     | Found a frozen archway.
 21846 | IceCv    | Entered an ice cave
 21955 | IceCv    | Reached skill level 10 in Armour
 22382 | IceCv    | Noticed a frost giant
 22435 | IceCv    | Killed a frost giant
 22705 | IceCv    | Got a faintly glowing flail
 23502 | D:13     | Found a portal to a secret trove of treasure.
 24363 | D:14     | Found Orhaz's Weapon Shop.
 24385 | D:14     | HP: 1/125 [meliai/divine providence (14)]
 25294 | D:13     | Reached skill level 15 in Crossbows
 25368 | D:14     | Gained mutation: Scrolls take you a little longer to read.
                  | [a neqoxec]
 25821 | D:14     | Reached XP level 16. HP: 133/133 MP: 22/22
 25846 | D:14     | Paralysed by an ogre mage for 5 turns
 25872 | D:14     | Reached skill level 5 in Evocations
 25877 | D:14     | Shot with an arrow by a deep elf archer

Levels and vault maps discovered:
D:1:      doesnt_arrival_eight_statues, layout_rooms, minmay_indecisive_spiral
D:2:      minmay_kobold_bridge, layout_loops_ring
D:3:      layout_loops_ring, lemuel_coloured_pillars_altar, zin_treasury,
          portal_sewer_entry_d, minmay_mini_jars
D:4:      layout_cave_pools, first_ration
D:5:      layout_loops_ring, lemuel_doored_altar,
          minmay_temple_entry_from_below_a, moated_statue, uniq_pikel,
          uniq_eustachio
D:6:      layout_loops_ring, kennysheep_little_box, grunt_decor_cap,
          fedhas_altar_fruit_tree, uniq_duvessa
D:7:      layout_loops_ring, okawaru_trees_1, uniq_crazy_yiuf_cottage,
          uniq_harold
D:8:      layout_rooms, erik_lair_dragon, serial_shops, shop
D:9:      nrook_guardian_serpent_snake_passage, layout_basic,
          eat_drink_and_be_merry_uskayaw, kennysheep_mini_moat,
          marbit_many_paths, hangedman_fish_farm, david_defended_altar_elf
D:10:     layout_basic, jmf_multi_god_temple2
D:11:     layout_loops_ring, orc_david_3
D:12:     layout_long_grid, portal_ice_cave_rime, nicolae_dithmenos_the_darkroom
D:13:     layout_long_grid, nicolae_trove_entry_crystal, gauntlet_entry_generic,
          kennysheep_decorative_pillar
D:14:     layout_layer_cave, hangedman_vaults_entry_quadrant_bands,
          minmay_misc_feat_doors, serial_shops, shop, uniq_roxanne
Temple:   nicolae_temple_figure_eight
Lair:1:   layout_regular_city, uniq_gastronok
Lair:2:   layout_loops_ring, infiniplex_staircase_pool_2,
          minmay_lair_oklob_chamber, uniq_prince_ribbit2
Lair:3:   dpeg_oklob_gauntlet, layout_misc_corridors, elwin_shoals_entry_rooms,
          spider_nest_entry_funnel_web, grunt_megastairs_5, lemuel_fruit_tree,
          uniq_sonja
Lair:4:   layout_regular_city, gammafunk_ghost_icy, serial_bayou_shore_a,
          uniq_josephine
Lair:5:   layout_roguey [special_room_bee], minmay_slime_entry_pillars,
          infiniplex_staircase_pool
Lair:6:   minmay_lair_end_frog_pond, layout_gridlike
Spider:1: layout_spider_delve, nicolae_crawler_farm, uniq_kirke
Orc:1:    layout_diamond_mine, serial_shops

Skill      XL: |  1  2  3  4  5  6  7  8  9 10 11 12 13 14 15 16 |
---------------+-------------------------------------------------+-----
Short Blades   | 1 2 |  2.0
Fighting       | 3 4 5 6 7 8 9 10 11 12 14 | 14.1
Crossbows      | 5 6 8 9 11 12 13 14 15 | 15.2
Dodging        | 3 4 5 6 7 8 9 10 | 10.8
Shields        | 2 4 6 |  6.3
Long Blades    | 3 5 6 7 |  7.8
Armour         | 4 6 8 9 10 | 10.8
Invocations    | 2 3 5 6 7 8 9 |  9.1
Hexes          | 3 5 |  5.0
Spellcasting   | 3 |  3.9
Evocations     | 2 3 4 5 |  5.0
Translocations | 4 6 |  6.0
Stealth        | |  0.8

Action                   |  1- 3 |  4- 6 |  7- 9 | 10-12 | 13-15 | 16-18 || total
-------------------------+-------+-------+-------+-------+-------+-------++-------
Melee: Short sword       |   158 |   168 |    55 |       |       |       ||   381
       Dagger            |       |    15 |       |       |       |       ||    15
       Falchion          |       |       |   210 |   892 |  1832 |    28 ||  2962
       Hand crossbow     |       |       |       |     1 |       |       ||     1
 Fire: Hand crossbow     |     4 |    41 |   128 |   359 |   417 |    17 ||   966
       Arbalest          |       |       |       |       |     3 |       ||     3
Throw: Throwing net      |       |       |       |     3 |     3 |     1 ||     7
 Cast: Confuse           |       |       |       |     4 |     6 |       ||    10
       Apportation       |       |       |       |       |     5 |       ||     5
       Blink             |       |       |       |       |    14 |     1 ||    15
Invok: Bend Time         |       |       |       |     1 |       |       ||     1
       Slouch            |       |       |       |       |     4 |     1 ||     5
 Abil: Hop               |     1 |     1 |     3 |     5 |    13 |     1 ||    24
Evoke: Lightning rod     |       |       |       |       |     1 |       ||     1
  Use: Scroll            |       |     5 |     4 |    18 |     9 |       ||    36
       Potion            |       |     1 |     1 |     2 |     3 |     1 ||     8
 Stab: Sleeping          |       |     8 |     9 |     9 |     6 |       ||    32
       Distracted        |       |       |     1 |     1 |       |       ||     2
       Confused          |       |       |       |     3 |     1 |       ||     4
       Held in net/web   |       |       |       |     2 |       |     2 ||     4
  Eat: Chunk             |     2 |     6 |    10 |    15 |    27 |       ||    60
       Ration            |       |     1 |       |       |     1 |       ||     2
Armor: Leather armour    |    88 |       |       |       |       |       ||    88
       Ring mail         |       |    19 |       |       |       |       ||    19
       Troll leather arm |       |    42 |   112 |   342 |    93 |       ||   589
       Ice dragon scales |       |       |       |       |   652 |    71 ||   723
Dodge: Dodged            |   157 |   117 |   233 |   771 |  2095 |   104 ||  3477
Block: Buckler           |       |    30 |   140 |   549 |  1262 |       ||  1981
       Large shield      |       |       |       |       |     6 |   144 ||   150
       Rpst.: Falchion   |       |       |    42 |   168 |   481 |    18 ||   709
